Map: Ruins of Seras

Players

Pacifist

  • Race: Terran Terran
  • League: Grandmaster

TomikuS - Winner!

  • Race: Zerg Zerg
  • League: Grandmaster

Event: Lycan League Weekly July #1

VOD

Have the link to the VOD?

Description

Time

  • Played on: July 20, 2015, 1 p.m.
  • Length: 8:16

All games in this series

Show
View Real Time Build Order
Export as new Build Order

Pacifist Terran 

Build Orders: Siege Tank Drop 

Get SALT Encoding   

  12  0:01  SCV  
  13  0:13  SCV  
  14  0:18  Supply Depot  
  14  0:25  SCV  
  15  0:35  Refinery  
  15  0:40  SCV  
  16  0:46  Barracks  
  16  0:52  SCV  
  17  1:04  SCV  
  18  1:16  SCV  
  19  1:32  Orbital Command  
  19  1:33  Marine  
  19  1:37  Factory  
  20  1:43  Supply Depot  
  20  1:54  Barracks Tech Lab, Bunker  
  20  1:59  SCV  
  21  2:12  SCV  
  22  2:17  Refinery  
  22  2:25  Marine  
  23  2:32  Siege Tank  
  26  2:39  Supply Depot  
  26  2:42  SCV  
  26  2:43  Marine  
  28  2:56  Command Center  
  28  3:00  Starport  
  28  3:06  SCV  
  28  3:08  Marine  
  30  3:19  SCV, Siege Tank  
  34  3:22  Supply Depot  
  34  3:25  Marine  
  35  3:35  SCV  
  35  3:37  Medivac  
  38  3:47  SCV  
  40  3:56  Barracks Tech Lab  
  40  3:59  SCV  
  40  4:01  Barracks x2  
  40  4:07  Siege Tank  
  43  4:11  SCV  
  43  4:15  Orbital Command  
  43  4:16  Marine  
  45  4:29  Stimpack  
  45  4:31  SCV  
  46  4:38  Barracks  
  46  4:40  Marine  
  46  4:42  Medivac  
  49  4:54  Marine  
  49  4:56  Barracks Reactor  
  49  4:57  Marine  
  51  5:19  Marine  
  51  5:21  Siege Tank  
  47  5:25  Marine  
  47  5:27  Marine  
  49  5:34  Marine x2  
  51  5:35  Orbital Command  
  51  5:41  Marine  
  49  5:46  SCV  
  50  5:52  Command Center  
  50  5:55  Engineering Bay  
  50  5:58  SCV  
  50  5:59  Marine  
  52  6:08  Barracks Reactor, Marine  
  53  6:13  SCV  
  53  6:17  Marine  
  55  6:25  Marine x2  
  57  6:32  Missile Turret  
  57  6:33  SCV x2  
  57  6:34  Missile Turret  
  57  6:38  Marine x2  
  61  6:43  Marine x2  
  61  6:46  Marine x2  
  57  6:47  SCV  
  57  6:50  SCV  
  54  6:56  Marine  
  54  6:58  Marine  
  54  7:00  SCV  
  54  7:01  Marine x2  
  59  7:02  Starport Reactor  
  59  7:03  SCV  
  59  7:04  SCV  
  59  7:08  Marine  
  62  7:10  Marine  
  62  7:12  SCV  
  64  7:15  SCV  
  64  7:22  Marine x2, Marauder  
  67  7:23  Marine  
  67  7:26  Marine  
  67  7:29  Marine  
  48  7:40  Marine x3  
  48  7:41  SCV  
  48  7:43  Marine x2  
  49  7:44  SCV  
  49  7:46  SCV  
  49  7:47  Marine  
Show
View Real Time Build Order
Export as new Build Order

TomikuS Zerg - Winner!

Build Orders: Hatch First, Muta Ling Bane 

Get SALT Encoding   

  12  0:01  Drone  
  13  0:13  Overlord  
  13  0:20  Drone  
  14  0:32  Drone x2  
  16  0:36  Drone  
  17  0:54  Hatchery  
  16  0:58  Drone  
  16  0:59  Drone  
  18  1:10  Drone  
  19  1:17  Spawning Pool  
  18  1:20  Drone  
  18  1:23  Extractor  
  18  1:29  Drone  
  19  1:40  Overlord  
  19  2:06  Zergling x4  
  19  2:07  Queen x2  
  25  2:09  Zergling x2  
  26  2:21  Overlord  
  26  2:22  Drone  
  27  2:30  Metabolic Boost  
  27  2:43  Queen  
  32  2:44  Drone x4  
  33  2:55  Baneling Nest  
  32  3:04  Overlord  
  34  3:05  Drone x3  
  35  3:19  Queen  
  37  3:32  Drone x8  
  44  3:35  Extractor  
  43  3:43  Baneling x2  
  43  3:50  Lair  
  43  3:52  Drone x4  
  46  4:08  Zergling x2  
  46  4:09  Zergling x8  
  51  4:12  Extractor x2  
  49  4:17  Overlord  
  49  4:28  Drone x3  
  52  4:40  Hatchery  
  52  4:41  Drone x4  
  55  4:50  Drone x3  
  55  4:51  Overlord  
  55  4:52  Spire  
  53  5:21  Zergling x2  
  53  5:22  Zergling x18  
  63  5:43  Overlord  
  63  5:44  Overlord x3  
  63  5:46  Centrifical Hooks  
  63  5:49  Baneling x2  
  63  5:50  Baneling x2  
  62  6:04  Mutalisk x6  
  62  6:05  Mutalisk  
  76  6:14  Drone x10  
  76  6:15  Drone  
  76  6:18  Zerg Flyer Weapons Level 1  
  87  6:23  Evolution Chamber  
  87  6:25  Evolution Chamber  
  82  6:36  Mutalisk x2  
  82  6:37  Overlord  
  84  6:50  Zergling x2  
  84  6:51  Zergling x22  
  94  6:55  Baneling x3  
  94  6:56  Baneling x4  
  92  7:05  Zergling x14  
  99  7:09  Baneling  
  99  7:10  Baneling x3  
  99  7:13  Overseer  
  99  7:19  Mutalisk  
  99  7:20  Zergling x8  
  99  7:21  Zergling x6  
  97  7:37  Mutalisk x2  
  97  7:38  Zergling x2  
  97  7:39  Zergling x14  
  107  7:47  Mutalisk, Zergling x2  
  107  7:48  Zergling x2  

Tags
 
Add a new tag
Caveats
  • Supply blocks, unpowered buildings, or Contaminate may cause inaccurate times.
  • Supply counts are checked every 10 seconds.